 Dungeon Crawl Stone Soup version 0.22-a0-601-gb0ed703 (webtiles) character file.

53 Goblin1989 the Ducker (level 3, 0/17 HPs)
             Began as a Felid Chaos Knight on July 6, 2018.
             Slain by a dart slug (2 damage)
             ... on level 2 of the Dungeon.
             The game lasted 00:04:13 (2347 turns).

Goblin1989 the Ducker (Felid Chaos Knight)          Turns: 2347, Time: 00:04:14

Health: 0/17       AC:  1    Str:  8    XL:     3   Next: 62%
Magic:  4/4        EV: 19    Int: 13    God:    Xom [......]
Gold:   11         SH:  0    Dex: 16    Spells: 2/2 levels left
                                        Lives:  0   Deaths: 0

rFire    . . .     SeeInvis +     - Unarmed
rCold    . . .     Gourm    .   (shield unavailable)
rNeg     . . .     Faith    .   (armour unavailable)
rPois    .         Spirit   .   (helmet unavailable)
rElec    .         Reflect  .   (cloak unavailable)
rCorr    .         Harm     .   (gloves unavailable)
MR       .....     Rnd*Tele +   (boots unavailable)
Stlth    ++........             (no amulet)
HPRegen  0.05/turn              b - ring of teleportation (curse)
MPRegen  0.09/turn              (no ring)

@: quick
A: very small, no armour, no weapons or thrown items, stealth, claws 1, fangs 3,
see invisible, carnivore, speed 1, shaggy fur 1, slow metabolism 1, sharp paws
a: Renounce Religion


You were on level 2 of the Dungeon.
You worshipped Xom.
You were a very special plaything of Xom.
You were completely stuffed.

You visited 1 branch of the dungeon, and saw 2 of its levels.

You collected 11 gold pieces.

Inventory:

Jewellery
 b - a cursed ring of teleportation (left paw)
Scrolls
 a - 3 scrolls of identify {unknown}
 c - a scroll of amnesia {unknown}
 d - 4 scrolls of magic mapping {unknown}
 h - a scroll of noise {unknown}
Potions
 g - a potion of degeneration {unknown}
 j - a potion of mutation {unknown}
 k - a potion of curing {unknown}
Comestibles
 e - 4 rations
 l - a chunk of flesh


   Skills:
 + Level 3.3 Fighting
 + Level 3.8 Dodging
 + Level 2.0 Stealth
 * Level 3.7 Unarmed Combat


You had 2 spell levels left.
You didn't know any spells.
Your spell library was empty.

Dungeon Overview and Level Annotations

Branches:
Dungeon (2/15)

Altars:
Gozag


Innate Abilities, Weirdness & Mutations

You cannot wear armour.
You are incapable of wielding weapons or throwing items.
Your paws allow you to move quietly. (Stealth)
You have sharp claws.
You have razor-sharp teeth.
You have supernaturally acute eyesight. (SInv)
You are carnivorous and can eat meat at any time.
You cover ground quickly.
You are covered in fur. (AC +1)
You have a slow metabolism.
Your sharp claws are effective at attacking unaware monsters.


Message History

* * * LOW HITPOINT WARNING * * *
The bat moves out of view.
You scratch the adder.
The adder is severely wounded.
The giant cockroach misses you. The adder bites you.
* * * LOW HITPOINT WARNING * * *
You are poisoned.
The adder poisons you!
You are too injured to fight recklessly!
You are too injured to fight recklessly!
You take 7 damage, and have 10/17 hp.
MASSIVE DAMAGE!!
You are too injured to fight recklessly!
You are too injured to fight recklessly!
You are too injured to fight recklessly!
You are too injured to fight recklessly!
You are too injured to fight recklessly!
You are too injured to fight recklessly!
You are too injured to fight recklessly!
Unknown command.
You are too injured to fight recklessly!
You are too injured to fight recklessly!
You are too injured to fight recklessly!
You are too injured to fight recklessly!
You are too injured to fight recklessly!
You are too injured to fight recklessly!
You feel sick.
You take 1 damage, and have 9/17 hp.
You closely miss the giant cockroach. The giant cockroach closely misses you.
You scratch the giant cockroach.
The giant cockroach is almost dead.
You feel sick. The giant cockroach misses you. x2
You take 1 damage, and have 8/17 hp.
You barely miss the giant cockroach.
The giant cockroach is almost dead.
The giant cockroach completely misses you.
You scratch the giant cockroach.
You kill the giant cockroach!
The adder closely misses you.
You closely miss the adder. Your bite misses the adder.
The adder is heavily wounded.
The adder misses you.
The leopard gecko hisses angrily.
You scratch the adder but do no damage.
The adder is heavily wounded.
You feel sick. The adder misses you.
You take 1 damage, and have 7/17 hp.
You claw the adder!
You kill the adder!
The worm completely misses you.
There is a stone staircase leading down, spattered with blood here.
You feel sick.
You take 1 damage, and have 6/17 hp.
You scratch the worm. You claw the worm.
The worm is moderately wounded.
You barely miss the worm.
The worm is moderately wounded.
The worm bites you.
* * * LOW HITPOINT WARNING * * *
The leopard gecko closely misses you.
You take 2 damage, and have 4/17 hp.
You barely miss the worm. You bite the worm.
The worm is moderately wounded.
The leopard gecko bites you.
* * * LOW HITPOINT WARNING * * *
You take 1 damage, and have 3/17 hp.
You scratch the worm.
The worm is heavily wounded.
You feel sick.
Xom pokes at a nearby staircase.
The stone staircase leading up slides away from you!
The leopard gecko misses you. The worm completely misses you.
You scratch the worm.
The worm is severely wounded.
The leopard gecko closely misses you. The worm completely misses you.
You claw the worm!
You kill the worm!
The leopard gecko completely misses you.
The stone staircase leading down slides away as you move onto it!
You claw the leopard gecko!
You kill the leopard gecko!
Your Stealth skill increases to level 2!
You feel sick.
You are no longer poisoned.
You take 1 damage, and have 2/17 hp.
The stone staircase leading down slides away as you move onto it!
You see here a leopard gecko corpse.
You butcher the leopard gecko corpse.
l - a chunk of flesh You see here a leopard gecko skeleton.
There is a stone staircase leading down, spattered with blood here.
You start resting.
You are suddenly yanked towards some nearby monsters!
Your surroundings suddenly seem different.
A kobold and a dart slug come into view.
Unknown command.
You scratch the dart slug. You bite the dart slug.
The dart slug is severely wounded.
The dart slug bites you.
You die... "Boring in life, boring in death..."

████.███....<..█ .........█.█..
...█.█.....>██.█...████████...█.█
...█.(.............█ ██....█
...███.....██████.. █......
........█████████.██ .....████.
...█..█.█ █....K..█ .███. ██
[..█.█..█ █.......██... █.
████.█.██ █.....w....█ █. █)...█
█....@..█ .. █..███ █.......█
..... █.......█ ......█ █.......█
.......█ █.......█ .......█
█.......█


████████ █...$...█ █████████ You could see a dart slug and a kobold (sleeping).

Vanquished Creatures
  An adder (D:2)
  A worm (D:2)
  2 leopard geckos
  2 giant cockroaches (D:2)
  4 goblins
  7 hobgoblins
  3 jackals (D:1)
  4 bats (D:1)
  2 frilled lizards (D:1)
  4 kobolds
  5 rats
35 creatures vanquished.

Notes
Turn   | Place    | Note
-------+----------+-------------------------------------------
     0 | D:1      | Goblin1989 the Felid Chaos Knight began the quest for the Orb.
     0 | D:1      | Reached XP level 1. HP: 10/10 MP: 2/2
   326 | D:1      | Reached XP level 2. HP: 4/14 MP: 3/3
   331 | D:1      | Reached skill level 1 in Stealth
  1263 | D:1      | XOM: medium Ice miscast
  1849 | D:2      | Reached XP level 3. HP: 17/17 MP: 4/4
  2028 | D:2      | Found an opulent altar of Gozag.
  2149 | D:2      | XOM is BORED!
  2330 | D:2      | XOM: repel stairs
  2347 | D:2      | Slain by a dart slug

Vault maps used:
D:1:      kennysheep_arrival_forest, minmay_misc_feat_plants
D:2:      old_standard_altar, chequers_ecumenical_altar_grove

Skill      XL: |  1  2  3 |
---------------+----------+-----
Stealth        | 1 2 |  2.0
Fighting       | |  3.3
Dodging        | |  3.8
Unarmed Combat | |  3.7

Action                   || total
-------------------------++-------
Melee: Unarmed           ||   113
       Bite              ||    10
       Punch             ||     2
 Stab: Sleeping          ||     4
  Eat: Chunk             ||     8
       Ration            ||     1
Armor: Skin              ||     9
Dodge: Dodged            ||   104

Table legend:
 A = Spawn XP
 B = Non-spawn XP
 C = Spawn XP percentage of total XP
 D = Spawn monster count
 E = Non-spawn monster count
 F = Spawn count percentage of total count
 G = Total turns spent on level
                    A         B        C        D         E        F      G
               +---------+---------+-------+---------+---------+-------+---------
         Total |       0 |      76 |   0.0 |       0 |      35 |   0.0 |  2347
               +---------+---------+-------+---------+---------+-------+---------
           D:1 |       0 |      32 |   0.0 |       0 |      20 |   0.0 |  1811
           D:2 |       0 |      44 |   0.0 |       0 |      15 |   0.0 |   536
               +---------+---------+-------+---------+---------+-------+---------

Vault maps used:
D:1:      kennysheep_arrival_forest, minmay_misc_feat_plants
D:2:      old_standard_altar, chequers_ecumenical_altar_grove
